 Dungeon Crawl Stone Soup version 0.28.0-53-g5a82cb258f (webtiles) character file.

Game seed: 12277483296023013985

19413 Peloso the Carver (level 12, -2/111 HPs)
             Began as a Minotaur Fighter on June 10, 2022.
             Was an Elder of Okawaru.
             Slain by a blink frog (12 damage)
             ... on level 1 of the Lair of Beasts.
             The game lasted 00:32:36 (17403 turns).

Peloso the Carver (Minotaur Fighter)               Turns: 17403, Time: 00:32:37

Health: -2/111     AC: 18    Str: 23    XL:     12   Next: 36%
Magic:  12/12      EV: 13    Int:  5    God:    Okawaru [****..]
Gold:   609        SH:  8    Dex: 13    Spells: 11/11 levels left

rFire   x . .      SeeInvis .   a - +1 long sword
rCold   . . .      Faith    .   c - +2 buckler
rNeg    . . .      Spirit   .   A - +4 scale mail "Olagodon" {rPois rF- Will+}
rPois   +          Reflect  .   (helmet restricted)
rElec   .          Harm     .   v - +2 cloak
rCorr   .          Rampage  .   r - +0 pair of gloves
Will    +....                   (no boots)
Stlth   +.........              (no amulet)
HPRegen 0.28/turn               G - ring of poison resistance
MPRegen 0.13/turn               (no ring)

@: no status effects
A: horns 2, retaliatory headbutt
a: Renounce Religion, Heroism, Finesse


You were on level 1 of the Lair of Beasts.
You worshipped Okawaru.
Okawaru was greatly pleased with you.
You visited 3 branches of the dungeon, and saw 14 of its levels.
You also visited: Ossuary.

You collected 609 gold pieces.

Inventory:

Hand Weapons
 a - a +1 long sword (weapon)
 b - the +9 flail of Thoughtfulness {drain, rC+ Int+3}
   (You found it on level 8 of the Dungeon)

   A truly terrible weapon, it drains the life of any living foe it strikes.
   Int:       It affects your intelligence (+3).
   rC:        It protects you from cold.
Missiles
 w - 2 throwing nets (quivered)
Armour
 c - a +2 buckler (worn)
 e - a +0 chain mail of poison resistance
 r - a +0 pair of gloves (worn)
 t - a +0 plate armour
 v - a +2 cloak (worn)
 A - the +4 scale mail "Olagodon" (worn) {rPois rF- Will+}
   (You found it on level 7 of the Dungeon)

   rF:        It makes you vulnerable to fire.
   rPois:     It protects you from poison.
   Will:      It increases your willpower.
Jewellery
 G - a ring of poison resistance (left hand)
Wands
 l - a wand of digging (7)
 o - a wand of iceblast (19)
Scrolls
 d - a scroll of fear
 g - a scroll of enchant weapon
 h - 2 scrolls of teleportation
 j - a scroll of summoning
 k - a scroll of fog
 p - 3 scrolls of identify
 u - 2 scrolls of enchant armour
 x - 5 scrolls of immolation
 y - a scroll of holy word
 z - a scroll of brand weapon
 B - a scroll of blinking
 H - a scroll of noise
Potions
 f - 3 potions of brilliance
 i - 2 potions of curing
 m - a potion of might
 n - 2 potions of flight
 q - a potion of ambrosia
 C - 2 potions of haste
 D - 2 potions of mutation
 F - a potion of magic


   Skills:
 + Level 11.7 Fighting
 + Level 2.0(8.6) Short Blades
 + Level 14.1(14.2) Long Blades
 + Level 1.1 Throwing
 + Level 11.7 Armour
 + Level 7.1 Dodging
 + Level 2.5 Stealth
 + Level 9.0 Shields
 + Level 1.8 Invocations
 + Level 2.2 Evocations


You had 11 spell levels left.
You didn't know any spells.
Your spell library contained the following spells:

 Spells                   Type           Power      Damage    Failure   Level
 Magic Dart               Conj           0%         1d3       80%         1
 Slow                     Hex            0%         N/A       80%         1
 Searing Ray              Conj           0%         2d4       90%         2
 Static Discharge         Conj/Air       0%         N/A       90%         2
 Confusing Touch          Hex            0%         N/A       99%         3
 Mephitic Cloud           Conj/Pois/Air  0%         N/A       99%         3
 Ozocubu's Armour         Ice            0%         N/A       99%         3
 Vampiric Draining        Necr           0%         2d6       99%         3
 Dispel Undead            Necr           0%         3d6       100%        4
 Fulminant Prism          Conj/Hex       0%         3d6       100%        4
 Passage of Golubria      Tloc           0%         N/A       100%        4
 Sticky Flame             Conj/Fire      0%         2d3       100%        4
 Lightning Bolt           Conj/Air       0%         1d11      100%        5
 Metabolic Englaciation   Hex/Ice        0%         N/A       100%        5
 Yara's Violent Unravell  Hex/Tmut       0%         3d3       100%        5
 Maxwell's Capacitive Co  Air            0%         ∞         100%        8
 Summon Small Mammal      Summ           Unusable   N/A       N/A         1
 Call Imp                 Summ           Unusable   N/A       N/A         2
 Call Canine Familiar     Summ           Unusable   N/A       N/A         3
 Summon Guardian Golem    Hex/Summ       Unusable   N/A       N/A         3
 Tukima's Dance           Hex            Unusable   N/A       N/A         3
 Simulacrum               Ice/Necr       Unusable   N/A       N/A         6

Dungeon Overview and Level Annotations

Branches:
Dungeon (12/15)            Temple (1/1) D:7            Lair (1/6) D:8
    Orc (0/2) D:11        Ossuary (visited)

Altars:
Ashenzari
Cheibriados
Dithmenos
Elyvilon
Fedhas
Gozag
Hepliaklqana
Kikubaaqudgha
Makhleb
Nemelex Xobeh
Okawaru
Qazlal
Ru
Sif Muna
Trog
Uskayaw
Vehumet
Wu Jian
Xom
Yredelemnul
Zin
The Shining One

Shops:
D:9 *

Annotations:
D:3 1 runed translucent door, spica's ghost, amateur GrEE


Innate Abilities, Weirdness & Mutations

You have a pair of horns on your head.
You reflexively headbutt those who attack you in melee.


Message History

You furiously retaliate!
You headbutt the eight-headed hydra.
You block the eight-headed hydra's attack.
The eight-headed hydra barely misses you.
The eight-headed hydra bites you but does no damage.
You block the eight-headed hydra's attack. x3
The eight-headed hydra barely misses you.
The hound bites you but does no damage.
A cane toad comes into view.
The wolf closely misses you.
A wolf comes into view.
As you read the scroll of teleportation, it crumbles to dust.
You feel strangely unstable.
A wolf comes into view.
The hound bites you. The wolf misses you.
The eight-headed hydra bites you but does no damage.
The eight-headed hydra bites you!
* * * LOW HITPOINT WARNING * * *
The eight-headed hydra bites you!
* * * LOW HITPOINT WARNING * * *
The eight-headed hydra bites you.
* * * LOW HITPOINT WARNING * * *
You block the eight-headed hydra's attack.
The eight-headed hydra bites you but does no damage. x3
The hound bites you.
* * * LOW HITPOINT WARNING * * *
The wolf bites you.
* * * LOW HITPOINT WARNING * * *
The wolf closely misses you. You furiously retaliate!
You headbutt the wolf.
A wolf comes into view.
The wolf barely misses you.
Unknown command.
You hear a zap.
You hear a grinding noise.
You block the wolf's attack. The wolf barely misses you.
Your surroundings suddenly seem different.
Found a wand of iceblast (7).
The sentinel's mark upon you fades away.
You closely miss the blink frog. You headbutt the blink frog!
The blink frog is moderately wounded.
The blink frog hits you!
You die...

,,,*,,,,,,,,,,##.FF....##,.#*
,,,,,,,,,,,**##......h##,,,#
***,,,,,,,**##......h##.,,,*
****,,,,,,,##.......##..,,**
,***,,,,,,##?......F#...*** *
,,*,,,.,,*#....>...#....,* **
,,,,,,..,##.<....#.....#** *,
,,,,,,...#......#F...### **,
,,,,,,..........@..P##,********,,
,,,,,............P###**,,,,,*,,,*
,,,,,...........### *,,,,,*,,,*
,,,,,.........### **,,∩,,,,***
,*,,,......#### *,,,,,,,**
*,,,,.....#* **,,,,,,**
***,,,../,** *,,,,,,*,*
*,,,,,,,,* **,,,,**** *,,,,,,,**
***,,,***


You could see 2 blink frogs and 2 wolves.

Vanquished Creatures
  A catoblepas (D:11)
  A death knight (D:12)
  3 two-headed ogres
  3 ugly things
  2 manticores (D:12)
  2 cyclopes (D:11)
  A gargoyle (D:12)
  An unseen horror (D:10)
  A komodo dragon (Lair:1)
  2 trolls
  2 tengu conjurers (D:11)
  4 polar bears
  2 hornets
  5 blink frogs (Lair:1)
  4 slime creatures
  12 yaks
  4 wraiths
  A basilisk (Lair:1)
  2 shadows
  A wyvern (D:8)
  A steam dragon (D:5)
  Duvessa (D:4)
  11 orc warriors
  6 ice beasts
  5 black bears
  2 wolves
  4 centaurs
  4 ogres
  A phantom (D:5)
  A kobold brigand (D:4)
  6 bullfrogs
  3 gnoll sergeants
  2 scorpions
  A wyvern zombie (D:7)
  A wyvern skeleton (D:5)
  Dowan (D:4)
  9 wights
  A howler monkey (D:9)
  3 electric eels (D:9)
  3 centaur zombies
  10 orc priests
  2 hounds (D:4)
  Crazy Yiuf (D:4)
  A centaur skeleton (D:5)
  A gnoll shaman (D:7)
  2 jellies
  A bullfrog skeleton (D:5)
  An iguana (D:5)
  9 orc wizards
  3 centaur simulacra (D:9)
  20 gnolls
  8 adders
  A shadow imp (D:7)
  6 white imps
  A howler monkey simulacrum (D:9)
  5 ufetubi
  An adder skeleton (D:4)
  A worm (D:2)
  41 orcs
  8 ball pythons
  4 endoplasms
  2 giant cockroaches
  2 goblins (D:1)
  4 hobgoblins
  8 jackals
  A quokka (D:2)
  A ball python skeleton (Ossuary)
  5 bats
  4 frilled lizards
  3 hobgoblin skeletons (Ossuary)
  7 kobolds
  A kobold zombie (Ossuary)
  3 orc zombies (Ossuary)
  3 rats
291 creatures vanquished.

Vanquished Creatures (others)
  An orc wizard (D:9)
  45 fungi
  41 plants
87 creatures vanquished.

Grand Total: 378 creatures vanquished

Notes
Turn   | Place    | Note
-------+----------+-------------------------------------------
     0 | D:1      | Peloso the Minotaur Fighter began the quest for the Orb.
     0 | D:1      | Reached XP level 1. HP: 19/19 MP: 0/0
   246 | D:1      | Reached XP level 2. HP: 27/27 MP: 1/1
   737 | D:1      | Found a faded altar of an unknown god.
  1259 | D:2      | Reached XP level 3. HP: 32/33 MP: 2/2
  1363 | D:2      | Found a shadowy altar of Dithmenos.
  1897 | D:2      | Reached skill level 3 in Long Blades
  2257 | D:2      | Reached XP level 4. HP: 36/40 MP: 3/3
  2392 | D:3      | Found a broken altar of Ashenzari.
  2392 | D:3      | Found a sparkling altar of Nemelex Xobeh.
  2393 | D:3      | Found an opulent altar of Gozag.
  2524 | D:3      | Found a runed translucent door.
  2529 | D:3      | Noticed spica's ghost (amateur GrEE)
  2529 | D:3      | Noticed a phantom
  2564 | D:3      | Found a hazy altar of Hepliaklqana.
  2567 | D:3      | Found a shadowy altar of Dithmenos.
  2567 | D:3      | Noticed a shadow
  3047 | D:4      | Noticed a kobold brigand
  3058 | D:4      | Killed a kobold brigand
  3059 | D:4      | Reached skill level 4 in Long Blades
  3059 | D:4      | Reached skill level 1 in Dodging
  3059 | D:4      | Reached XP level 5. HP: 31/47 MP: 4/4
  3075 | D:4      | Noticed an ogre
  3086 | D:4      | Killed an ogre
  3087 | D:4      | Reached skill level 5 in Long Blades
  3087 | D:4      | Reached skill level 5 in Armour
  3087 | D:4      | Reached XP level 6. HP: 29/53 MP: 5/5
  3116 | D:4      | Found a sand-covered staircase.
  3131 | Ossuary  | Entered an ossuary
  3426 | Ossuary  | Noticed a flying skull
  3426 | Ossuary  | Noticed a wraith
  3435 | Ossuary  | Noticed a flying skull
  3460 | Ossuary  | Noticed a flying skull
  3475 | Ossuary  | Reached skill level 6 in Long Blades
  3488 | Ossuary  | Noticed a flying skull
  3489 | Ossuary  | Noticed a flying skull
  3594 | Ossuary  | Noticed a wraith
  3601 | Ossuary  | Killed a wraith
  3602 | Ossuary  | Reached XP level 7. HP: 31/60 MP: 6/6
  3756 | Ossuary  | Noticed a wraith
  3765 | Ossuary  | Killed a wraith
  3766 | Ossuary  | Reached skill level 7 in Long Blades
  3766 | Ossuary  | Reached skill level 5 in Shields
  3894 | D:4      | HP: 3/60 [ogre/+0 giant spiked club (13)]
  3897 | D:4      | Reached skill level 5 in Fighting
  4207 | D:4      | Noticed Dowan
  4208 | D:4      | Noticed Duvessa
  4218 | D:4      | Killed Duvessa
  4224 | D:4      | Killed Dowan
  4225 | D:4      | Reached skill level 8 in Long Blades
  4225 | D:4      | Reached XP level 8. HP: 31/64 MP: 7/7
  4907 | D:4      | Found a runed translucent door.
  4908 | D:4      | Noticed Crazy Yiuf
  4996 | D:4      | Found a shimmering blue altar of Sif Muna.
  5053 | D:4      | Killed Crazy Yiuf
  5193 | D:5      | Entered Level 5 of the Dungeon
  5415 | D:5      | Reached skill level 9 in Long Blades
  5712 | D:5      | Noticed a hornet
  5717 | D:5      | Killed a hornet
  6020 | D:5      | Noticed a troll
  6300 | D:5      | Reached XP level 9. HP: 42/75 MP: 8/8
  6592 | D:5      | Reached skill level 10 in Long Blades
  6799 | D:5      | Identified the +3 dagger "Yfyecu" {vamp, rF+ Dex+6}
  6951 | D:6      | Reached skill level 1 in Short Blades
  7427 | D:6      | Found a stormy altar of Qazlal.
  7562 | D:7      | Identified the +4 scale mail "Olagodon" {rPois rF- Will+}
  7575 | D:7      | Found a staircase to the Ecumenical Temple.
  7586 | Temple   | Entered the Ecumenical Temple
  7921 | D:7      | Reached skill level 1 in Stealth
  8280 | D:7      | Found a bloodstained altar of Trog.
  8799 | D:8      | Identified the +9 flail of Thoughtfulness {drain, rC+
                  | Int+3}
  8826 | D:8      | Reached skill level 11 in Long Blades
  8884 | D:8      | Found a staircase to the Lair.
  8890 | D:8      | Reached XP level 10. HP: 74/86 MP: 9/9
  9388 | D:8      | Reached skill level 10 in Armour
  9606 | D:8      | Reached skill level 12 in Long Blades
 10022 | D:9      | Noticed a two-headed ogre
 10031 | D:9      | Killed a two-headed ogre
 10720 | D:8      | Reached skill level 5 in Dodging
 10720 | D:8      | Reached skill level 1 in Evocations
 11402 | D:9      | Reached XP level 11. HP: 76/97 MP: 10/10
 11816 | D:9      | Found an iron altar of Okawaru.
 11832 | D:9      | Became a worshipper of Warmaster Okawaru
 12199 | D:9      | Found Entojew's General Store.
 12263 | D:10     | Entered Level 10 of the Dungeon
 12336 | D:10     | Paralysed by a hornet for 3 turns
 12919 | D:10     | Reached * piety under Okawaru
 12920 | D:10     | Reached skill level 13 in Long Blades
 13779 | D:11     | Noticed a cyan ugly thing
 13802 | D:10     | Killed a cyan ugly thing
 14288 | D:11     | Noticed a catoblepas
 14300 | D:11     | Killed a catoblepas
 14300 | D:11     | Reached ** piety under Okawaru
 14379 | D:11     | Reached skill level 10 in Fighting
 14536 | D:11     | Reached *** piety under Okawaru
 15030 | D:11     | Noticed a two-headed ogre
 15037 | D:11     | Killed a two-headed ogre
 15222 | D:11     | Found a staircase to the Orcish Mines.
 15607 | D:8      | Noticed an eight-headed hydra
 15787 | D:12     | Noticed a death knight
 16096 | D:12     | HP: 4/101 [death knight/+2 battleaxe of freezing (6)]
 16100 | D:12     | Killed a death knight
 16101 | D:12     | Reached skill level 1 in Invocations
 16101 | D:12     | Reached XP level 12. HP: 42/107 MP: 8/11
 16566 | D:12     | Reached skill level 14 in Long Blades
 16889 | D:12     | Noticed a two-headed ogre
 16924 | D:12     | Killed a two-headed ogre
 16924 | D:12     | Reached **** piety under Okawaru
 17259 | D:12     | Noticed a four-headed hydra
 17322 | Lair:1   | Entered Level 1 of the Lair of Beasts
 17358 | Lair:1   | Reached skill level 1 in Throwing
 17390 | Lair:1   | Noticed an eight-headed hydra
 17403 | Lair:1   | Slain by a blink frog

Illustrated notes

Levels and vault maps discovered:
D:1:      dpeg_arrival_long_road, layout_basic,
          dilly_ecumenical_altar_fadedgnrine, kennysheep_another_room,
          minmay_misc_feat_chi, chequers_serial_rivers_large_a
D:2:      layout_basic, basic_altar
D:3:      layout_rooms, riverfiend_overflow_shadow_ancestor,
          chequers_temple_overflow_statue_of_worship, ebering_ghost_inner_flame,
          grunt_decor_clamped, wad_orctagon
D:4:      layout_rooms, lemuel_blue_sif_altar, nicolae_ossuary_entry_plus,
          uniq_crazy_yiuf_cottage, uniq_duvessa
D:5:      layout_basic, lightli_corner_chamber
D:6:      layout_rooms, nicolae_qazlal_eye_of_the_storm
D:7:      layout_cave_pools, marbit_many_paths, temple_fountains, kennysheep_nub
D:8:      layout_loops_cross, due_lair_maze_entry_diamond, minmay_evil_grid
D:9:      layout_rooms, okawaru_metal_pillars_1_2, serial_shops,
          kennysheep_mini_moat, serial_ice, serial_ice_o, serial_ice_d,
          serial_ice_b, serial_ice_l, serial_ice_m, serial_ice_f, serial_ice_g,
          serial_ice_c, serial_ice_h, serial_ice_a
D:10:     layout_basic
D:11:     layout_roguey, david_orc_4
D:12:     layout_cave_pods, laboratory
Temple:   cyrus_circular_temple
Lair:1:   beast_lair_carwin_large_4, layout_hall_layers,
          portal_ice_cave_entry_ice_simulacra, grunt_forest_large_clearings,
          uniq_fannar

Skill      XL: |  1  2  3  4  5  6  7  8  9 10 11 12 |
---------------+-------------------------------------+-----
Armour         | 4 5 6 7 9 10 11 | 11.7
Fighting       | 4 5 6 7 9 10 11 | 11.7
Shields        | 4 5 6 7 8 9 |  9.0
Long Blades    | 3 4 5 6 8 9 11 12 13 14 | 14.1
Dodging        | 1 2 3 5 6 7 |  7.1
Short Blades   | 2 |  2.0
Stealth        | 1 2 |  2.5
Evocations     | 1 2 |  2.2
Invocations    | 1 |  1.8
Throwing       | 1 |  1.1

Action                   |  1- 3 |  4- 6 |  7- 9 | 10-12 || total
-------------------------+-------+-------+-------+-------++-------
Melee: Long sword        |    66 |    92 |   265 |   619 ||  1042
       Headbutt          |     8 |    10 |    69 |   154 ||   241
       Dagger            |       |       |    33 |       ||    33
Throw: Throwing net      |       |       |       |     1 ||     1
Invok: Heroism           |       |       |       |    13 ||    13
Evoke: Wand              |       |       |     3 |    22 ||    25
  Use: Scroll            |     3 |     5 |     9 |    11 ||    28
       Potion            |       |     1 |       |     4 ||     5
 Stab: Distracted        |       |       |       |     1 ||     1
       Held in net/web   |       |       |       |     1 ||     1
Armor: Scale mail        |    35 |    33 |    61 |   336 ||   465
       Plate armour      |       |       |   102 |       ||   102
Dodge: Dodged            |    40 |    34 |    95 |   288 ||   457
Block: Buckler           |    24 |    19 |    70 |   233 ||   346
